 Dungeon Crawl Stone Soup version 0.20.1-1-g8b1a95d (webtiles) character file.

255 schets the Skirmisher (level 5, 0/47 HPs)
             Began as a Minotaur Fighter on Oct 15, 2017.
             Slain by an ogre
             ... wielding a +0 giant club
              (12 damage)
             ... on level 4 of the Dungeon.
             The game lasted 00:02:38 (1665 turns).

schets the Skirmisher (Minotaur Fighter)            Turns: 1665, Time: 00:02:39

Health: 0/47       AC:  7    Str: 20    XL:     5   Next: 91%
Magic:  4/4        EV:  7    Int:  5    God:
Gold:   170        SH:  9    Dex: 11    Spells: 4/4 levels left

rFire    . . .     SeeInvis .   a - +0 war axe
rCold    . . .     Gourm    .   c - +0 shield
rNeg     . . .     Faith    .   b - +0 scale mail
rPois    .         Spirit   .   (helmet restricted)
rElec    .         Reflect  .   (no cloak)
rCorr    +         Harm     .   (no gloves)
MR       .....                  (no boots)
Stlth    ..........             (no amulet)
Regen    0.2/turn               m - ring of resist corrosion
MPRegen  0.1/turn               (no ring)

@: no status effects
A: retaliatory headbutt, horns 2
a: no special abilities


You were on level 4 of the Dungeon.
You were not hungry.

You visited 1 branch of the dungeon, and saw 4 of its levels.

You collected 170 gold pieces.

Inventory:

Hand Weapons
 a - a +0 war axe (weapon)
Armour
 b - a +0 scale mail (worn)
 c - a +0 shield (worn)
Jewellery
 m - a ring of resist corrosion (left hand)
Wands
 t - a wand of random effects (26/48)
Scrolls
 e - 2 scrolls of enchant weapon {unknown}
 i - 2 scrolls of magic mapping {unknown}
 j - a scroll of random uselessness {unknown}
 l - a scroll of identify {unknown}
 o - 2 scrolls of remove curse {unknown}
 p - 2 scrolls of fear {unknown}
 q - a scroll of amnesia {unknown}
 r - a scroll of noise {unknown}
 u - a scroll of teleportation {unknown}
Potions
 d - a potion of might
 g - a potion of brilliance {unknown}
 k - a potion of ambrosia {unknown}
 s - a potion of curing {unknown}
Comestibles
 f - a bread ration
 h - 4 meat rations
 n - 2 royal jellies
 v - 2 chunks of flesh


   Skills:
 + Level 4.9 Fighting
 + Level 4.2 Axes
 * Level 3.9 Throwing
 - Level 3.7 Armour
 - Level 3.9 Shields


You had 4 spell levels left.
You didn't know any spells.

Dungeon Overview and Level Annotations

Branches:
Dungeon (4/15)
 Temple: D:4-7

Altars:


Innate Abilities, Weirdness & Mutations

You reflexively headbutt those who attack you in melee.
You have a pair of horns on your head.


Message History

There is a stone staircase leading down here.
You climb downwards.
There is a stone staircase leading up here.
You see here a quarterstaff.
You slash the ogre!
The ogre is moderately wounded.
The ogre hits you with a giant club.
You hit the ogre. You headbutt the ogre.
The ogre is severely wounded.
The ogre hits you with a giant club!
You hit the ogre. Your headbutt misses the ogre.
The ogre is severely wounded.
The ogre hits you with a giant club!!
* * * LOW HITPOINT WARNING * * *
You block the ogre's attack.
Your shield prevents you from hitting the ogre.
You headbutt the ogre.
The ogre is almost dead.
The ogre hits you with a giant club!
You die...

#..# #..# #..######
########## #........
<........# #%).# #.#
########.## #...# #.#.#
#######...####...# #.#.#
............##..O### #.#.##
..###.#...#...#.@)<####..(.
..#..........###........#.#
..#.#.#######.#......##.#.#
......#
##.#.....#....#######
###.###
#.(.......#....<.... #
#.### #............#######
###...##### #............#
..........# ####...##...##
#####.###.# #...###.##


You could see an ogre.

Vanquished Creatures
  Sigmund (D:3)
  Robin (D:3)
  An adder (D:2)
  An ooze (D:1)
  A worm (D:3)
  3 dart slugs (D:1)
  3 leopard geckos
  4 orcs
  2 giant cockroaches (D:1)
  11 goblins
  10 hobgoblins
  7 jackals
  10 kobolds
  5 bats
  A frilled lizard (D:4)
  4 rats
65 creatures vanquished.

Notes
Turn   | Place    | Note
-------+----------+-------------------------------------------
     0 | D:1      | schets the Minotaur Fighter began the quest for the Orb.
     0 | D:1      | Reached XP level 1. HP: 19/19 MP: 0/0
    46 | D:1      | Reached XP level 2. HP: 24/27 MP: 1/1
   124 | D:1      | Reached skill level 1 in Throwing
   274 | D:1      | Reached XP level 3. HP: 31/33 MP: 2/2
   997 | D:3      | Noticed Robin
  1011 | D:3      | Killed Robin
  1011 | D:3      | Reached XP level 4. HP: 38/40 MP: 3/3
  1170 | D:3      | Noticed Sigmund
  1183 | D:3      | Killed Sigmund
  1183 | D:3      | Reached XP level 5. HP: 47/47 MP: 4/4
  1554 | D:4      | Noticed an ogre
  1665 | D:4      | Slain by an ogre

Skill      XL: |  1  2  3  4 |
---------------+-------------+-----
Throwing       | 1 2 3 |  3.9
Axes           | 3 4 |  4.2
Fighting       | 4 |  4.9
Armour         | |  3.7
Shields        | |  3.9

Action                   |  1- 3 |  4- 6 || total
-------------------------+-------+-------++-------
Melee: War axe           |    80 |    55 ||   135
       Headbutt          |     9 |     8 ||    17
  Eat: Chunk             |       |     3 ||     3
Armor: Scale mail        |    25 |    27 ||    52
Dodge: Dodged            |    21 |    16 ||    37
Block: Shield            |    40 |    29 ||    69
